 Dungeon Crawl Stone Soup version 0.17.1-3-g152610e (webtiles) character file.

38105 MenacingMecha the Basher (level 14, -7/88 HPs)
             Began as a Gargoyle Berserker on Feb 21, 2016.
             Was the Champion of Trog.
             Mangled by a thrashing horror (8 damage)
             ... on level 1 of the Abyss.
             The game lasted 01:23:32 (21408 turns).

MenacingMecha the Basher (Gargoyle Berserker)      Turns: 21408, Time: 01:23:32

Health: -7/88      AC: 30    Str: 22    XL:     14   Next: 0%
Magic:  19/19      EV: 14    Int:  8    God:    Trog [******]
Gold:   1537       SH:  0    Dex: 13    Spells: 0 memorised, 13 levels left

rFire  . . .     SeeInvis .     N - +9 dire flail (holy)
rCold  + . .     Clarity  .     f - +1 scale mail {rF+}
rNeg   + . .     SustAt   .     (shield currently unavailable)
rPois  ∞         Gourm    .     m - +1 helmet
rElec  +         Spirit   .     R - +1 cloak
rCorr  .         Warding  .     (no gloves)
rMut   .         Stasis   .     a - +0 pair of boots
MR     +....                    Z - amulet of faith
Stlth  ..........               o - ring of ice
                                y - +5 ring of protection

@: about to teleport, somewhat resistant to hostile enchantments, extremely
unstealthy
A: big wings, negative energy resistance 1, electricity resistance, unbreathing,
petrification resistance, rot immunity, AC +9
a: Fly, Berserk, Trog's Hand, Brothers in Arms, Burn Spellbooks, Renounce
Religion


You were on level 1 of the Abyss.
You worshipped Trog.
Trog was exalted by your worship.
You were not hungry.

You visited 2 branches of the dungeon, and saw 17 of its levels.
You visited the Abyss 1 time.
You also visited: Sewer, Ice Cave and Volcano.

You collected 1537 gold pieces.

Inventory:

Hand Weapons
 A - a +2 morningstar of distortion
 N - a +9 dire flail of holy wrath (weapon)
Missiles
 s - 8 tomahawks of dispersal
 t - 3 javelins of returning
 u - 8 silver javelins
 x - 20 tomahawks (quivered)
 D - 2 tomahawks of returning
 E - 2 javelins of penetration
Armour
 a - a +0 pair of boots (worn)
 f - a +1 scale mail of fire resistance (worn)
 i - the +1 buckler of the Thirteen Tales {rF+}
   (You acquired it on level 2 of the Lair of Beasts)

   It protects you from fire.
 m - a +1 helmet (worn)
 R - a +1 cloak (worn)
Jewellery
 h - an uncursed amulet of resist mutation
 o - a ring of ice (right hand)
 r - an uncursed ring of protection from magic
 v - an uncursed ring of flight
 w - a +6 ring of strength
 y - a +5 ring of protection (left hand)
 Z - an amulet of faith (around neck)
Wands
 p - a wand of teleportation (7)
 z - a wand of paralysis (13)
 C - a wand of lightning (5)
 I - a wand of digging (14)
 K - a wand of disintegration (17)
Scrolls
 b - 3 scrolls of remove curse
 j - a scroll of blinking
 l - 15 scrolls of identify
 q - 2 scrolls of teleportation
 Q - 3 scrolls of recharging
 X - 2 scrolls of magic mapping
 Y - 4 scrolls of fear
Potions
 d - 5 potions of curing
 e - 3 potions of might
 g - a potion of invisibility
 G - 2 potions of haste
 J - 2 potions of cancellation
Miscellaneous
 n - a disc of storms
Comestibles
 c - 12 bread rations


   Skills:
 + Level 10.1 Fighting
 - Level 14.0 Maces & Flails
 - Level 8.0 Throwing
 + Level 10.0 Armour
 + Level 7.4 Dodging
 - Level 4.0 Shields
 * Level 6.7 Evocations


You had 13 spell levels left.
You didn't know any spells.

Dungeon Overview and Level Annotations

Branches:
Dungeon (12/15)            Temple (0/1) D:5            Lair (5/8) D:11
  Swamp (0/4) Lair:5        Snake (0/4) Lair:4          Orc (0/4) D:9

Altars:
Cheibriados
Fedhas
Ru
Trog
Vehumet
Xom
The Shining One

Shops:
D:11 =

Annotations:
D:9 Psyche
Lair:2 stash


Innate Abilities, Weirdness & Mutations

You are resistant to torment.
Your stone body is resilient (AC +9).
You are immune to poison.
Your large and strong wings let you fly indefinitely.
You resist negative energy.
You are resistant to electric shocks.
You can survive without breathing.
You are immune to petrification.
You are immune to rotting.


Message History

The ufetubus misses you. The ufetubus closely misses you.
The large abomination closely misses you.
The ufetubus barely misses you. The ufetubus hits you.
* * * LOW HITPOINT WARNING * * *
The smoke demon gestures at you. Something smites you!
* * * LOW HITPOINT WARNING * * *
The large abomination hits you but does no damage.
The ufetubus hits you but does no damage. x2
The ufetubus misses you.
The ufetubus hits you but does no damage.
The ufetubus hits you.
* * * LOW HITPOINT WARNING * * *
The ufetubus misses you. The thrashing horror tramples you!
* * * LOW HITPOINT WARNING * * *
You hold your ground!
The thrashing horror tramples you but does no damage.
The thrashing horror tramples you!
You die...

... .. #.. ..# .
..##..# ..## .. ..
...... ... .# ..§
..... ..#.# #.§
#..# ...# ..
##.§##..##..#.#.#
....§R...@..#....
........5X..#..#
#..##[.##....#
#..##3.##...#.#
.........X..## ..
.........X.# .
##..##.W##..######
#.. #.. ....# .
... ......W.##...


You could see a thrashing horror, a large abomination, a smoke demon, an efreet
and an ufetubus.

Vanquished Creatures
  9 hydras
  The ghost of Elizilla the Grappler, a novice TrMo of Qazlal (D:10)
  A large abomination (Abyss:1)
  2 lindwurms
  An oklob plant (Lair:5)
  A statue (Volcano)
  An ugly thing (Volcano)
  3 elephants (Lair:4)
  A griffon (Lair:5)
  2 ice statues (IceCv)
  4 black mambas
  3 spiny frogs
  A torpor snail (Lair:3)
  An orange demon (Abyss:1)
  An efreet (Volcano)
  6 komodo dragons
  An ancient zyme (Abyss:1)
  A troll (D:11)
  A two-headed ogre (D:9)
  A slime creature (D:10)
  10 blink frogs
  A trapdoor spider (D:11)
  32 yaks
  A hill giant zombie (D:9)
  A wraith (Abyss:1)
  2 fire bats (Volcano)
  A basilisk (Lair:5)
  A human (D:9)
  A mottled dragon (Lair:3)
  A spriggan (Lair:2)
  A fire elemental (Volcano)
  6 hippogriffs
  A neqoxec (Abyss:1)
  A naga (Lair:4)
  8 water moccasins
  2 small abominations (Abyss:1)
  Purgy (Sewer)
  3 eyes of draining (D:3)
  A wasp (D:9)
  12 porcupines
  3 orc warriors
  16 ice beasts
  6 ogres
  3 phantoms
  A black bear (D:4)
  A sky beast (D:5)
  20 crocodiles
  13 centaurs
  17 giant frogs
  An earth elemental (Volcano)
  4 scorpions
  A water moccasin skeleton (D:11)
  A troll zombie (D:9)
  A killer bee (D:8)
  4 wights (D:9)
  3 electric eels (D:8)
  A centaur zombie (D:8)
  A lava snake (Volcano)
  5 crimson imps
  A quasit (D:9)
  A centaur skeleton (D:11)
  5 orc priests
  10 jellies
  9 orc wizards
  3 giant frog skeletons
  6 iguanas
  3 hounds
  4 worker ants
  11 sheep
  2 ogre zombies (D:9)
  2 hound skeletons
  8 adders
  2 worker ant zombies
  2 gnolls (D:3)
  9 river rats
  A shadow imp (D:9)
  2 ufetubi (Abyss:1)
  11 oozes
  2 adder zombies
  4 worms (D:3)
  11 giant geckos
  38 orcs
  9 bats
  7 hobgoblins
  10 giant cockroaches
  4 giant newts
  7 goblins
  A hobgoblin zombie (D:9)
  4 jackals (D:1)
  2 jackal skeletons (D:4)
  14 kobolds
  4 orc skeletons (D:9)
  12 orc zombies (D:9)
  2 quokkas
  A quokka skeleton (D:5)
  8 rats
  A fire vortex (Volcano)
  A plant (Lair:2)
465 creatures vanquished.

Vanquished Creatures (collateral kills)
  A troll (D:11)
  2 hungry ghosts (D:9)
  A water moccasin (D:11)
  An ogre (D:3)
  An orc warrior (D:11)
  4 killer bees (D:8)
  2 ogre zombies (D:9)
  2 orc zombies (D:9)
14 creatures vanquished.

Vanquished Creatures (others)
  A bush (D:11)
  11 fungi
  9 plants
21 creatures vanquished.

Grand Total: 500 creatures vanquished

Notes
Turn   | Place    | Note
--------------------------------------------------------------
     0 | D:1      | MenacingMecha the Gargoyle Berserker began the quest for the Orb.
     0 | D:1      | Reached XP level 1. HP: 14/14 MP: 1/1
   206 | D:1      | Reached XP level 2. HP: 19/19 MP: 2/2
   805 | D:1      | Reached skill level 4 in Maces & Flails
  1030 | D:2      | Reached XP level 3. HP: 19/23 MP: 3/3
  1222 | D:2      | Reached ** piety under Trog
  1392 | D:2      | Reached XP level 4. HP: 28/28 MP: 4/4
  1752 | D:3      | Reached skill level 5 in Maces & Flails
  1814 | D:3      | Reached XP level 5. HP: 29/32 MP: 5/5
  1963 | D:3      | Noticed an eye of draining
  1971 | D:3      | Noticed an eye of draining
  1971 | D:3      | Noticed an eye of draining
  1973 | D:3      | Reached *** piety under Trog
  1973 | D:3      | Reached skill level 6 in Maces & Flails
  1977 | D:3      | Killed an eye of draining
  1977 | D:3      | Reached XP level 6. HP: 37/37 MP: 0/6
  1984 | D:3      | Killed an eye of draining
  1984 | D:3      | Reached skill level 7 in Maces & Flails
  1992 | D:3      | Killed an eye of draining
  1993 | D:3      | Found a bloodstained altar of Trog.
  2080 | D:3      | Reached XP level 7. HP: 41/41 MP: 7/7
  2158 | D:3      | Found a glowing drain.
  2173 | Sewer    | Entered a sewer
  2314 | Sewer    | Noticed Purgy
  2337 | Sewer    | Killed Purgy
  2337 | Sewer    | Reached skill level 8 in Maces & Flails
  3330 | D:4      | Reached **** piety under Trog
  3503 | D:4      | Reached skill level 9 in Maces & Flails
  3749 | D:3      | Reached XP level 8. HP: 3/46 MP: 8/8
  4480 | D:5      | Entered Level 5 of the Dungeon
  4750 | D:5      | Found a staircase to the Ecumenical Temple.
  5167 | D:5      | Reached skill level 10 in Maces & Flails
  5837 | D:6      | Reached skill level 11 in Maces & Flails
  6839 | D:7      | Reached XP level 9. HP: 51/51 MP: 9/9
  7150 | D:7      | Found a glowing golden altar of the Shining One.
  7153 | D:7      | Found a snail-covered altar of Cheibriados.
  7156 | D:7      | Found a shimmering altar of Xom.
  7159 | D:7      | Found a bloodstained altar of Trog.
  7362 | D:8      | HP: 1/51 [killer bee (3)]
  7440 | D:8      | Reached skill level 12 in Maces & Flails
  7714 | D:8      | Reached skill level 1 in Throwing
  8080 | D:8      | Found a blossoming altar of Fedhas.
  8129 | D:8      | Found a radiant altar of Vehumet.
  8926 | D:9      | Reached XP level 10. HP: 58/58 MP: 10/10
  9057 | D:9      | Found a sacrificial altar of Ru.
  9140 | D:9      | Reached skill level 5 in Fighting
  9510 | D:9      | Reached skill level 5 in Throwing
  9510 | D:9      | Reached skill level 5 in Armour
  9679 | D:9      | Found a staircase to the Orcish Mines.
 10528 | D:10     | Entered Level 10 of the Dungeon
 10528 | D:10     | Noticed Psyche
 10986 | D:10     | Noticed Elizilla's ghost (novice TrMo)
 11001 | D:10     | Killed Elizilla's ghost
 11367 | D:10     | Reached ***** piety under Trog
 11637 | D:11     | Reached XP level 11. HP: 64/64 MP: 11/11
 11941 | D:11     | Found a staircase to the Lair.
 11961 | D:11     | Reached skill level 1 in Evocations
 12154 | D:11     | Reached skill level 5 in Dodging
 13110 | D:11     | You fall through a shaft!
 13386 | D:11     | Found Vuvu's Jewellery Emporium.
 13651 | D:11     | Noticed a seven-headed hydra
 13661 | D:11     | Killed a seven-headed hydra
 13716 | Lair:1   | Entered Level 1 of the Lair of Beasts
 14105 | Lair:1   | Received a gift from Trog
 14292 | Lair:1   | Noticed a six-headed hydra
 14334 | Lair:1   | Killed a six-headed hydra
 14334 | Lair:1   | Reached XP level 12. HP: 26/73 MP: 15/15
 14770 | Lair:1   | Found a bloodstained altar of Trog.
 15855 | Lair:2   | Reached skill level 13 in Maces & Flails
 15923 | Lair:2   | Noticed an eight-headed hydra
 15934 | Lair:2   | Killed an eight-headed hydra
 16329 | Lair:2   | Noticed a five-headed hydra
 16334 | Lair:2   | Killed a five-headed hydra
 16593 | Lair:2   | Received a gift from Trog
 16772 | Lair:2   | Noticed an eight-headed hydra
 16779 | Lair:2   | Killed an eight-headed hydra
 16779 | Lair:2   | Reached skill level 14 in Maces & Flails
 17191 | Lair:3   | Got a fine ring mail
 17381 | Lair:3   | Found a dark tunnel.
 17444 | Volcano  | Entered a volcano
 17629 | Volcano  | Reached XP level 13. HP: 50/79 MP: 16/16
 17634 | Volcano  | Found a radiant altar of Vehumet.
 17937 | Lair:3   | Identified the cursed +0 ring mail of Degi {+Inv rF- Str+7 Int+4} (You found it on level 3 of the Lair of Beasts)
 18229 | Lair:3   | Reached skill level 5 in Evocations
 18683 | Lair:2   | Identified a scroll of acquirement
 18684 | Lair:2   | Got an ichor-stained buckler
 18691 | Lair:2   | Identified the +1 buckler of the Thirteen Tales {rF+} (You acquired it on level 2 of the Lair of Beasts)
 18768 | Lair:4   | Reached skill level 1 in Shields
 18812 | Lair:4   | Reached ****** piety under Trog
 18812 | Lair:4   | Received a gift from Trog
 18921 | Lair:4   | Found a staircase to the Snake Pit.
 19789 | Lair:5   | Received a gift from Trog
 19984 | Lair:5   | Found a staircase to the Swamp.
 20022 | Lair:5   | Found a frozen archway.
 20058 | IceCv    | Entered an ice cave
 20272 | IceCv    | Got a crystal arbalest
 20319 | Lair:5   | Identified the +11 arbalest "Qennohe" {velocity, +Inv MP+9} (You found it in an ice cave)
 20409 | Lair:5   | Received a gift from Trog
 21143 | D:11     | Received a gift from Trog
 21172 | D:11     | Cast into the Abyss (a distortion unwield)
 21176 | Abyss:1  | Found a corrupted altar of Lugonu.
 21214 | Abyss:1  | Reached skill level 10 in Fighting
 21365 | Abyss:1  | Reached skill level 10 in Armour
 21365 | Abyss:1  | Gained mutation: Your large and strong wings let you fly indefinitely. [Gargoyle growth]
 21365 | Abyss:1  | Reached XP level 14. HP: 37/88 MP: 17/19
 21408 | Abyss:1  | HP: 1/88 [thrashing horror (10)]
 21408 | Abyss:1  | Mangled by a thrashing horror

Action                   |  1- 3 |  4- 6 |  7- 9 | 10-12 | 13-15 || total
-------------------------+-------+-------+-------+-------+-------++-------
Melee: Mace              |   140 |   111 |   207 |    16 |       ||   474
       Flail             |       |       |   308 |   563 |       ||   871
       Dire flail        |       |       |       |   209 |   332 ||   541
Throw: Tomahawk          |       |       |    33 |   120 |    67 ||   220
       Javelin           |       |       |       |     4 |       ||     4
Invok: Berserk           |       |     1 |     3 |     9 |       ||    13
       Brothers in Arms  |       |       |     3 |     1 |       ||     4
       Burn Spellbooks   |       |       |     2 |     1 |       ||     3
       Trog's Hand       |       |       |     1 |     1 |       ||     2
 Abil: Evoke Flight      |       |       |       |       |     2 ||     2
Evoke: Wand              |       |       |     1 |       |       ||     1
  Use: Scroll            |       |       |    11 |     8 |     3 ||    22
       Potion            |       |       |     7 |     9 |       ||    16
  Eat: Chunk             |     2 |     3 |    19 |    37 |     6 ||    67
       Pizza             |       |       |     1 |       |     1 ||     2
       Meat ration       |       |       |     1 |       |       ||     1
       Beef jerky        |       |       |       |     2 |       ||     2
       Bread ration      |       |       |       |       |     1 ||     1
